 Dungeon Crawl Stone Soup version 0.23.1 (webtiles) character file.

Game seed: 0

2720 eccles the Cleaver (level 9, -4/121 HPs)
             Began as a Minotaur Berserker on Mar 12, 2019.
             Was a High Priest of Trog.
             Slain by Harold
             ... wielding a +3 scimitar of electrocution
              (15 damage)
             ... on level 7 of the Dungeon on Mar 15, 2019.
             The game lasted 00:33:40 (6699 turns).

eccles the Cleaver (Minotaur Berserker)             Turns: 6699, Time: 00:33:41

Health: -4/121     AC: 14    Str: 29    XL:     9   Next: 39%
Magic:  8/8        EV:  9    Int:  4    God:    Trog [*****.]
Gold:   316        SH:  4    Dex: 11    Spells: 8/8 levels left

rFire    . . .     SeeInvis .   C - +2 hand axe (elec)
rCold    . . .     Gourm    .   e - +0 buckler
rNeg     + . .     Faith    .   y - +1 plate armour
rPois    .         Spirit   .   (helmet restricted)
rElec    .         Reflect  .   (no cloak)
rCorr    .         Harm     .   (no gloves)
MR       .....                  (no boots)
Stlth    ..........             (no amulet)
HPRegen  0.30/turn              i - ring of positive energy
MPRegen  0.11/turn              x - ring of flight

@: berserking (expiring), very quick
A: retaliatory headbutt, horns 2
a: Berserk, Trog's Hand, Brothers in Arms, Renounce Religion, Evoke Flight


You were on level 7 of the Dungeon.
You worshipped Trog.
Trog was extremely pleased with you.
You were hungry.

You visited 1 branch of the dungeon, and saw 7 of its levels.

You collected 316 gold pieces.

Inventory:

Hand Weapons
 a - a +0 hand axe
 C - a +2 hand axe of electrocution (weapon)
Armour
 b - a +0 animal skin
 e - a +0 buckler (worn)
 p - a +0 ring mail
 s - a +0 chain mail
 y - a +1 plate armour (worn)
Jewellery
 i - a ring of positive energy (left hand)
 r - an uncursed ring of attention
 x - a ring of flight (right hand)
Wands
 d - a wand of random effects (6)
 l - a wand of acid (4)
 t - a wand of disintegration (7)
 u - a wand of polymorph (5)
Scrolls
 f - 2 scrolls of remove curse
 g - 2 scrolls of amnesia
 j - 6 scrolls of teleportation
 m - a scroll of noise
 v - a scroll of fog
 A - a scroll of random uselessness
 B - a scroll of magic mapping {unknown}
 D - a scroll of vulnerability {unknown}
Potions
 h - 3 potions of curing
 k - 3 potions of lignification
 n - 2 potions of brilliance {unknown}
 o - a potion of heal wounds {unknown}
 w - a potion of resistance {unknown}
 z - a potion of haste
Comestibles
 c - 9 rations
 q - 3 chunks of flesh


   Skills:
 * Level 7.8 Fighting
 * Level 11.1 Axes
 + Level 6.6 Armour
 + Level 4.5 Dodging
 + Level 1.1 Stealth
 + Level 3.3 Shields
 + Level 0.5 Evocations


You had 8 spell levels left.
You didn't know any spells.
Your spell library was empty.

Dungeon Overview and Level Annotations

Branches:
Dungeon (7/15)             Temple (0/1) D:6

Altars:
Nemelex Xobeh
Vehumet
Xom

Annotations:
D:4 1 transporter
D:7 3 runed translucent doors, Harold, Pikel


Innate Abilities, Weirdness & Mutations

You reflexively headbutt those who attack you in melee.
You have a pair of horns on your head.


Message History

You furiously retaliate!
You headbutt the orc!
You kill the orc!
Trog accepts your kill.
Harold throws a throwing net.
The throwing net hits you.
You become entangled in the net!
You struggle against the net.
Pikel smiles. "I know this place well.
And it is filled with the corpses of daring fools like you!
Won't you join me?"
You tear a large gash into the net.
You feel a strong urge to attack something.
Harold says, "Try to look on the bright side.
Your death will help put my children through school."
Harold hits you with a +3 scimitar of electrocution!
* * * LOW HITPOINT WARNING * * *
You are electrocuted!
* * * LOW HITPOINT WARNING * * *
You are too berserk!
You rip the net and break free!
You block the orc's attack.
Harold hits you with a +3 scimitar of electrocution!
* * * LOW HITPOINT WARNING * * *
You are electrocuted!
You die...

.. .. ..##..
..# .. .....
.... #. ....#
....##. ....###
....... $.....#
..# ... ....#..
.... #.#p......
....# #@@Kop...
.....##.o.p....
#............
#..#.........
#####........
###.#........
#......##...#
##.##..# ##..
##......### ..


You could see Harold, Pikel, 3 slaves and 2 orcs.

Vanquished Creatures
  Prince Ribbit (D:6)
  An ice beast (D:5)
  3 orc warriors
  A sky beast (D:7)
  7 ogres
  A bullfrog (D:6)
  A howler monkey (D:7)
  2 crimson imps (D:6)
  2 bullfrog zombies
  A centaur zombie (D:6)
  2 orc priests
  5 hounds
  2 iguanas
  Natasha (thrice) (D:4)
  14 orc wizards
  7 worker ants
  9 adders
  3 gnolls (D:6)
  A shadow imp (D:3)
  An ooze (D:4)
  2 adder zombies
  An adder skeleton (D:4)
  A worm (D:2)
  2 dart slugs
  4 leopard geckos
  44 orcs
  A ball python (D:3)
  8 bats
  5 giant cockroaches
  7 goblins
  8 hobgoblins
  8 jackals
  3 quokkas
  6 frilled lizards
  A jackal zombie (D:5)
  15 kobolds
  9 rats
192 creatures vanquished.

Vanquished Creatures (others)
  A scorpion (D:4)
  An orc (D:4)
  2 jackals (D:4)
  A plant (D:5)
5 creatures vanquished.

Grand Total: 197 creatures vanquished

Notes
Turn   | Place    | Note
-------+----------+-------------------------------------------
     0 | D:1      | eccles the Minotaur Berserker began the quest for the Orb.
     0 | D:1      | Reached XP level 1. HP: 19/19 MP: 0/0
    70 | D:1      | Reached XP level 2. HP: 23/27 MP: 1/1
    88 | D:1      | Reached skill level 4 in Axes
   537 | D:1      | Reached ** piety under Trog
   539 | D:1      | Reached XP level 3. HP: 24/33 MP: 2/2
   971 | D:2      | Reached skill level 5 in Axes
  1068 | D:2      | Reached XP level 4. HP: 24/41 MP: 3/3
  2206 | D:3      | Reached XP level 5. HP: 43/47 MP: 4/4
  2265 | D:3      | Reached *** piety under Trog
  2906 | D:4      | Reached skill level 5 in Fighting
  2906 | D:4      | Reached skill level 6 in Axes
  3024 | D:4      | Reached skill level 1 in Shields
  3027 | D:4      | Reached XP level 6. HP: 49/56 MP: 5/5
  3404 | D:4      | Noticed Natasha
  3411 | D:4      | Killed Natasha
  3466 | D:4      | Reached skill level 7 in Axes
  3709 | D:4      | Noticed Natasha
  3720 | D:4      | Killed Natasha
  3738 | D:4      | Found a radiant altar of Vehumet.
  3897 | D:4      | Reached XP level 7. HP: 59/62 MP: 6/6
  4034 | D:4      | Reached skill level 1 in Stealth
  4077 | D:4      | Reached skill level 8 in Axes
  4520 | D:4      | Noticed Natasha
  4524 | D:4      | Killed Natasha
  4695 | D:4      | Found a sparkling altar of Nemelex Xobeh.
  4695 | D:4      | Found a transporter.
  4695 | D:4      | Noticed a hippogriff
  4736 | D:5      | Entered Level 5 of the Dungeon
  4905 | D:4      | HP: 3/63 [ogre/+0 giant club (4)]
  4906 | D:4      | Reached XP level 8. HP: 3/71 MP: 7/7
  5458 | D:5      | Found a shimmering altar of Xom.
  5461 | D:5      | Found a shimmering altar of Xom.
  5471 | D:5      | Reached **** piety under Trog
  5471 | D:5      | Reached skill level 9 in Axes
  5488 | D:5      | Found a shimmering altar of Xom.
  5714 | D:6      | Reached skill level 5 in Armour
  5958 | D:6      | Noticed Prince Ribbit
  5975 | D:6      | Killed Prince Ribbit
  5975 | D:6      | Reached skill level 10 in Axes
  6088 | D:6      | Found a staircase to the Ecumenical Temple.
  6194 | D:6      | Reached XP level 9. HP: 79/79 MP: 8/8
  6426 | D:6      | Reached ***** piety under Trog
  6634 | D:7      | Found a runed translucent gate.
  6634 | D:7      | Found a runed translucent gate.
  6645 | D:7      | Found a runed translucent gate.
  6668 | D:7      | Reached skill level 11 in Axes
  6685 | D:7      | Noticed Harold
  6691 | D:7      | Noticed Pikel
  6699 | D:7      | Slain by Harold

Skill      XL: |  1  2  3  4  5  6  7  8  9 |
---------------+----------------------------+-----
Fighting       | 4 5 6 7 |  7.8
Axes           | 4 5 6 7 8 10 11 | 11.1
Dodging        | 3 4 |  4.5
Shields        | 1 3 |  3.3
Armour         | 4 5 6 |  6.6
Stealth        | 1 |  1.1
Evocations     | |  0.5

Action                   |  1- 3 |  4- 6 |  7- 9 || total
-------------------------+-------+-------+-------++-------
Melee: Hand axe          |    91 |   140 |   272 ||   503
       Headbutt          |    10 |    28 |    50 ||    88
Invok: Berserk           |       |     3 |     5 ||     8
Evoke: Wand              |       |       |     8 ||     8
  Use: Scroll            |       |     5 |     5 ||    10
       Potion            |       |       |     3 ||     3
  Eat: Chunk             |       |     9 |    13 ||    22
       Ration            |       |     1 |       ||     1
Armor: Animal skin       |    11 |    10 |       ||    21
       Ring mail         |       |     2 |     3 ||     5
       Chain mail        |       |       |    29 ||    29
       Skin              |       |       |     2 ||     2
       Plate armour      |       |       |    80 ||    80
Dodge: Dodged            |    63 |    71 |    90 ||   224
Block: Buckler           |    12 |    17 |    35 ||    64
